 Dungeon Crawl Stone Soup version 0.30-a0-702-gdf48620a09 (webtiles) character file.

Game seed: 12809180402238343076

3770 KennySheep the Conjurer (level 10, -4/95 (98) HPs)
             Began as an Ogre Conjurer on Jan 22, 2023.
             Was a Priest of Okawaru.
             Slain by a skeletal warrior
             ... wielding a +0 mace
              (19 damage)
             ... on level 9 of the Dungeon.
             The game lasted 00:25:23 (10774 turns).

KennySheep the Conjurer (Ogre Conjurer)            Turns: 10774, Time: 00:25:24

HP:   -4/95 (98)    AC:  5    Str: 15    XL:     10   Next: 16%
MP:   3/20          EV: 24    Int: 21    God:    Okawaru [***...]
Gold: 843           SH:  0    Dex:  7    Spells: 1/22 levels left

rFire   . . .      SeeInvis .    t - +5 club
rCold   . . .      Faith    .    (no shield)
rNeg    + . .      Spirit   .    a - +0 robe
rPois   .          Reflect  .    (helmet restricted)
rElec   .          Harm     .    n - +1 cloak {rCorr}
rCorr   +          Rampage  .    (gloves unavailable)
Will    +....                    (boots unavailable)
Stlth   +                        q - amulet of the acrobat
HPRegen 0.35/turn                h - ring of flight
MPRegen 0.17/turn                k - ring of positive energy

@: about to teleport, acrobatic, flying, lightly drained
A: large, unfitting armour, tough skin 1
a: Renounce Religion, Heroism


You were on level 9 of the Dungeon.
You worshipped Okawaru.
Okawaru was most pleased with you.
You visited 1 branch of the dungeon, and saw 9 of its levels.

You collected 843 gold pieces.

Inventory:

Hand Weapons
 e - a +0 dagger
 t - a +5 club (weapon)
 D - a +2 flail of draining
Missiles
 c - 5 curare-tipped darts
Armour
 a - a +0 robe (worn)
 n - a +1 cloak of preservation (worn)
Jewellery
 h - a ring of flight (left hand)
 k - a ring of positive energy (right hand)
 q - an amulet of the acrobat (around neck)
 s - a ring of see invisible
 B - a ring of wizardry
 H - a ring of wizardry
Wands
 b - a wand of iceblast (8)
 y - a wand of digging (4)
 A - a wand of mindburst (16)
 G - a wand of paralysis (6)
Scrolls
 i - a scroll of amnesia {unknown}
 j - a scroll of blinking
 l - 2 scrolls of enchant armour
 m - a scroll of immolation
 p - 2 scrolls of identify
 u - 2 scrolls of teleportation
 w - 2 scrolls of fear
 x - 2 scrolls of noise
 C - a scroll of vulnerability
 F - a scroll of fog
Potions
 d - 2 potions of attraction
 f - a potion of lignification
 g - 3 potions of degeneration
 o - a potion of mutation {unknown}
 r - a potion of haste {unknown}
 v - a potion of heal wounds {unknown}
 z - a potion of invisibility
 E - a potion of resistance {unknown}


   Skills:
 + Level 5.7 Fighting
 + Level 3.8 Maces & Flails
 - Level 1.7 Dodging
 - Level 1.4 Stealth
 + Level 6.7 Spellcasting
 * Level 7.3 Conjurations
 - Level 7.1 Translocations
 + Level 4.7 Invocations


You had one spell level left.
You knew the following spells:

 Your Spells              Type           Power      Damage    Failure   Level
a - Magic Dart            Conj           100%       1d8       1%          1
b - Searing Ray           Conj           74%        2d7       1%          2
c - Iskenderun's Mystic   Conj/Tloc      37%        2d9       4%          4
d - Iskenderun's Battles  Conj           37%        2d9       13%         5
e - Gell's Gravitas       Tloc           37%        N/A       1%          3
f - Dispersal             Tloc           18%        N/A       58%         6

Your spell library contained the following spells:

 Spells                   Type           Power      Damage    Failure   Level
 Teleport Other           Tloc           37%        N/A       1%          3
 Dazzling Flash           Conj/Hex       44%        N/A       6%          3
 Hailstorm                Conj/Ice       22%        3d7       6%          3
 Ensorcelled Hibernation  Hex/Ice        14%        N/A       14%         2
 Passwall                 Tmut/Erth      5%         N/A       14%         2
 Fulminant Prism          Conj/Hex       11%        3d8       21%         4
 Swiftness                Air            7%         N/A       26%         3
 Cause Fear               Hex            3%         N/A       65%         4
 Ice Form                 Ice/Tmut       7%         N/A       65%         4
 Iron Shot                Conj/Erth      11%        9d3       97%         6
 Dragon Form              Tmut           3%         N/A       100%        7
 Simulacrum               Ice/Necr       Unusable   N/A       N/A         6
 Spellforged Servitor     Conj/Summ      Unusable   N/A       N/A         7
 Dragon's Call            Summ           Unusable   N/A       N/A         9

Dungeon Overview and Level Annotations

Branches:
Dungeon (9/15)             Temple (0/1) D:7
   Lair: D:8-11         Orc: D:9-12

Altars:
Cheibriados
Dithmenos
Elyvilon
Fedhas
Hepliaklqana
Nemelex Xobeh
Okawaru
Ru
Trog
Vehumet
Xom
Zin
The Shining One

Shops:
D:4 [

Annotations:
D:3 2 transporters, kd29's ghost, amateur DsIE
D:4 1 exclusion, Dowan
D:6 1 runed translucent door, Darius099's ghost, novice TrBe; Prince Ribbit


Innate Abilities, Weirdness & Mutations

You are too large for most types of armour.
You have tough skin. (AC +1)


Message History

A skeletal warrior comes into view. It is wielding a +0 mace.
A wight comes into view. It is wielding a +3 trident.
Casting: Iskenderun's Mystic Blast (dangerous; 4% risk of failure)
Confirm with . or Enter, or press ? or * to list all spells.
You erupt in a blast of force!
The mystic blast hits the skeletal warrior!
The skeletal warrior is moderately damaged.
The skeletal warrior hits you with a +0 mace!
Casting: Iskenderun's Mystic Blast (dangerous; 4% risk of failure)
Confirm with . or Enter, or press ? or * to list all spells.
You erupt in a blast of force!
The mystic blast hits the skeletal warrior but does no damage.
The skeletal warrior is moderately damaged.
The skeletal warrior hits you with a +0 mace!
Your magical contamination has completely faded away.
Casting: Iskenderun's Mystic Blast (dangerous; 4% risk of failure)
Confirm with . or Enter, or press ? or * to list all spells.
You don't know that spell.
Unknown command.
Casting: Iskenderun's Mystic Blast (dangerous; 4% risk of failure)
Confirm with . or Enter, or press ? or * to list all spells.
You erupt in a blast of force!
The mystic blast hits the wight!
The wight is heavily damaged.
The wight is knocked back by the mystic blast.
The mystic blast hits the skeletal warrior!
The skeletal warrior is moderately damaged.
The skeletal warrior hits you with a +0 mace.
The skeletal warrior attacks as you move away!
The skeletal warrior hits you with a +0 mace!
Okay, then.
As you read the scroll of teleportation, it crumbles to dust.
You feel strangely unstable.
A wight comes into view. It is wielding a +0 falchion.
The skeletal warrior barely misses you.
The skeletal warrior attacks as you move away!
The skeletal warrior hits you with a +0 mace!!
* * * LOW HITPOINT WARNING * * *
The skeletal warrior attacks as you move away!
The skeletal warrior hits you with a +0 mace!!
You die...

............# ..
...).)......###### .#
.)).#............###z#
###.#.#####.####.#..)#
##..........# #.#.###
.......####.####.#z######
.......# #.##...........#
.......# #.##.#z#######.#
.......####.##.#@#
.................#
##...######......#
................>#
#......####......#
#................#
#......#.#.......#
##.#.###.#......... #.#.#
#...###...##


You could see a skeletal warrior and 2 wights.

Vanquished Creatures
  Grinder (D:4)
  A shadow (D:7)
  Edmund (D:6)
  A water moccasin (D:9)
  2 black bears
  3 sky beasts
  An ice beast (D:8)
  3 centaurs
  An ogre (D:5)
  A phantom (D:4)
  Blork the orc (D:5)
  3 bullfrogs
  2 necrophages
  2 scorpions (D:7)
  5 wights (D:9)
  15 killer bees
  6 howler monkeys
  2 hounds (D:6)
  A jelly (D:8)
  2 orc priests
  Crazy Yiuf (D:2)
  Jessica (D:3)
  Ijyb (D:3)
  2 iguanas
  8 orc wizards
  3 adders
  A worm (D:3)
  3 dart slugs
  24 orcs
  3 ball pythons
  7 bats
  8 endoplasms
  3 giant cockroaches
  11 hobgoblins
  12 jackals
  6 kobolds
  3 quokkas
  7 frilled lizards
  20 goblins
  4 rats
182 creatures vanquished.

Vanquished Creatures (others)
  5 toadstools (D:2)
5 creatures vanquished.

Grand Total: 187 creatures vanquished

Notes
Turn   | Place    | Note
-------+----------+-------------------------------------------
     0 | D:1      | KennySheep the Ogre Conjurer began the quest for the Orb.
     0 | D:1      | Reached XP level 1. HP: 16/16 MP: 3/3
   241 | D:1      | Reached XP level 2. HP: 24/24 MP: 2/5
   254 | D:1      | Learned a level 2 spell: Searing Ray
   429 | D:1      | Reached skill level 1 in Translocations
   725 | D:1      | Reached XP level 3. HP: 31/31 MP: 2/7
  1622 | D:2      | Found a runed translucent door.
  1623 | D:2      | Noticed Crazy Yiuf
  1700 | D:2      | Killed Crazy Yiuf
  1701 | D:2      | Reached XP level 4. HP: 39/39 MP: 2/8
  2512 | D:3      | Found a transporter.
  2515 | D:3      | Noticed kd29's ghost (amateur DsIE)
  2573 | D:3      | Found a transporter.
  2578 | D:3      | Found a bloodstained altar of Trog.
  2578 | D:3      | Found a glowing silver altar of Zin.
  2580 | D:3      | Found a shimmering altar of Xom.
  2581 | D:3      | Found a sparkling altar of Nemelex Xobeh.
  2581 | D:3      | Found a glowing golden altar of the Shining One.
  2581 | D:3      | Found an iron altar of Okawaru.
  2594 | D:3      | Became a worshipper of Warmaster Okawaru
  2654 | D:3      | Noticed Jessica
  2656 | D:3      | Killed Jessica
  2657 | D:3      | Reached XP level 5. HP: 45/45 MP: 6/9
  2917 | D:3      | Found a radiant altar of Vehumet.
  3080 | D:3      | Noticed Ijyb
  3104 | D:3      | HP: 1/45 [Ijyb/+5 club (12)]
  3105 | D:3      | Killed Ijyb
  3273 | D:3      | Learned a level 4 spell: Iskenderun's Mystic Blast
  3887 | D:4      | Noticed Dowan
  3932 | D:4      | Reached XP level 6. HP: 41/53 MP: 3/11
  3940 | D:4      | Reached skill level 5 in Conjurations
  4438 | D:4      | Found Nutwuale's Armour Shoppe.
  4467 | D:4      | Found a white marble altar of Elyvilon.
  4783 | D:4      | Noticed Grinder
  4833 | D:4      | Killed Grinder
  4833 | D:4      | Reached * piety under Okawaru
  4834 | D:4      | Reached XP level 7. HP: 54/59 MP: 1/13
  5213 | D:5      | Entered Level 5 of the Dungeon
  5217 | D:5      | Noticed Blork the orc
  5218 | D:5      | Found a blossoming altar of Fedhas.
  5228 | D:5      | Killed Blork the orc
  5701 | D:5      | Found a shadowy altar of Dithmenos.
  5779 | D:5      | Reached skill level 1 in Fighting
  5854 | D:5      | Reached ** piety under Okawaru
  5855 | D:5      | Reached skill level 1 in Maces & Flails
  5855 | D:5      | Reached skill level 1 in Invocations
  5855 | D:5      | Reached XP level 8. HP: 29/70 MP: 15/15
  6338 | D:6      | Reached skill level 5 in Spellcasting
  6338 | D:6      | Reached skill level 5 in Translocations
  6621 | D:6      | Noticed Edmund
  6632 | D:6      | Killed Edmund
  6806 | D:6      | Found a snail-covered altar of Cheibriados.
  6837 | D:6      | Found a hazy altar of Hepliaklqana.
  6892 | D:6      | Found a runed translucent door.
  6897 | D:6      | Noticed a yak
  6897 | D:6      | Noticed Darius099's ghost (novice TrBe)
  6897 | D:6      | Noticed Prince Ribbit
  7271 | D:7      | Found a staircase to the Ecumenical Temple.
  7307 | D:7      | Reached XP level 9. HP: 74/83 MP: 4/17
  8860 | D:8      | Reached *** piety under Okawaru
  9368 | D:8      | Reached skill level 5 in Fighting
  9824 | D:9      | Reached XP level 10. HP: 27/96 MP: 1/19
 10077 | D:9      | Learned a level 5 spell: Iskenderun's Battlesphere
 10081 | D:9      | Learned a level 3 spell: Gell's Gravitas
 10088 | D:9      | Learned a level 6 spell: Dispersal
 10389 | D:9      | Found a sacrificial altar of Ru.
 10764 | D:9      | Noticed a skeletal warrior
 10774 | D:9      | Slain by a skeletal warrior

Illustrated notes

Levels and vault maps discovered:
D:1:      minmay_arrival_glassed_features, layout_basic
D:2:      layout_basic, minmay_gold_behind_fungi, uniq_crazy_yiuf_cottage
D:3:      kennysheep_the_goblin_king, layout_loops_corners,
          grunt_temple_overflow_open, mainiacjoe_overflow_surrounded_room,
          gammafunk_ghost_mausoleum, minmay_misc_feat_tower, uniq_jessica
D:4:      layout_cave_pods, amcnicky_altar_gilded, serial_shops, shop_coins,
          kennysheep_generic_room_14, uniq_ijyb, uniq_grinder, uniq_duvessa
D:5:      layout_rooms, overflow_temple_1_default, lemuel_doored_altar,
          uniq_blork_the_orc
D:6:      layout_gridville, mainiacjoe_overflow_two_lobes,
          ebering_ghost_inner_flame, uniq_edmund, uniq_prince_ribbit1
D:7:      layout_gridville, temple_green
D:8:      layout_basic
D:9:      minmay_cornered_nines, layout_basic,
          nicolae_ru_great_annihilating_truth, uniq_erolcha

Skill      XL: |  1  2  3  4  5  6  7  8  9 |
---------------+----------------------------+-----
Translocations | 1 2 3 4 5 7 |  7.1
Conjurations   | 4 5 6 7 |  7.3
Spellcasting   | 3 4 5 6 |  6.7
Fighting       | 1 3 5 |  5.7
Maces & Flails | 1 2 3 |  3.8
Invocations    | 1 2 4 |  4.7
Dodging        | |  1.7
Stealth        | |  1.4

Action                   |  1- 3 |  4- 6 |  7- 9 | 10-12 || total
-------------------------+-------+-------+-------+-------++-------
Melee: Unarmed           |     8 |       |       |       ||     8
       Dagger            |     8 |    23 |       |       ||    31
       Club              |       |    49 |   191 |    17 ||   257
       Flail             |       |       |    11 |       ||    11
       Punch             |       |       |     3 |       ||     3
 Cast: Magic Dart        |    63 |    81 |       |     6 ||   150
       Searing Ray       |     2 |     9 |     1 |     2 ||    14
       Iskenderun's Myst |       |       |    62 |    10 ||    72
       Iskenderun's Batt |       |       |       |     2 ||     2
Invok: Heroism           |       |       |     4 |       ||     4
Evoke: Wand              |       |       |     3 |       ||     3
  Use: Scroll            |     3 |       |     6 |     1 ||    10
       Potion            |       |     1 |     5 |     1 ||     7
 Stab: Paralysed         |       |       |       |     1 ||     1
Armor: Robe              |     8 |    18 |   117 |    10 ||   153
Dodge: Dodged            |    10 |    49 |   170 |    34 ||   263

Table legend: (Time is in decaauts)
 A = Elapsed time spent in this place.
 B = Non-inter-level travel time spent in this place.
 C = Inter-level travel time spent in this place.
 D = Time resting spent in this place.
 E = Time spent auto-exploring this place.
 F = Levels seen in this place.
 G = Mean time per level.
                   A        B        C        D        E       F      G
               +--------+--------+--------+--------+--------+-----+--------+
         Total |  10821 |  10654 |    167 |   1984 |   7156 |   9 | 1202.3 |
       Dungeon |  10821 |  10654 |    167 |   1984 |   7156 |   9 | 1202.3 |
               +--------+--------+--------+--------+--------+-----+--------+

Top non-repeatable levels by time:
     D:7: 2015 daAuts
     D:4: 1472 daAuts
     D:3: 1402 daAuts
     D:1: 1247 daAuts
     D:9: 1141 daAuts
     D:2: 1104 daAuts
     D:5: 911 daAuts
     D:6: 803 daAuts
     D:8: 722 daAuts
